 Dungeon Crawl Stone Soup version 0.17-a0-1617-gfba1302 (webtiles) character file.

2440 matakusis the Chopper (level 9, -3/69 HPs)
             Began as a Demonspawn Gladiator on Aug 1, 2015.
             Was an Initiate of Qazlal.
             Killed from afar by an electric eel (18 damage)
             ... with a bolt of electricity
             ... on level 7 of the Dungeon.
             The game lasted 00:30:50 (6131 turns).

matakusis the Chopper (Demonspawn Gladiator)        Turns: 6131, Time: 00:30:54

Health: -3/69      AC:  5    Str: 18    XL:     9   Next: 25%
Magic:  15/15      EV: 16    Int: 10    God:    Qazlal [......]
Gold:   269        SH:  0    Dex: 16    Spells: 0 memorised, 17 levels left

rFire  . . .     SeeInvis +     a - +1 war axe
rCold  . . .     Clarity  .     b - +0 leather armour
rNeg   . . .     SustAt   .     (no shield)
rPois  .         Gourm    .     c - +0 helmet
rElec  .         Spirit   .     (no cloak)
rCorr  .         Warding  .     k - +0 pair of gloves
rMut   .         Stasis   .     (boots unavailable)
MR     .....                    (no amulet)
Stlth  +.........               j - ring of see invisible
                                h - +2 ring of dexterity

@: very slightly contaminated, invisible, not resistant to hostile enchantments,
very unstealthy
A: hooves 3, powered by death 1, spiny 2
a: Renounce Religion


You were on level 7 of the Dungeon.
You worshipped Qazlal.
Qazlal was noncommittal.
You were not hungry.

You visited 2 branches of the dungeon, and saw 8 of its levels.

You collected 269 gold pieces.

Inventory:

Hand weapons
 a - a +1 war axe (weapon)
Missiles
 d - 3 throwing nets (quivered)
Armour
 b - a +0 leather armour (worn)
 c - a +0 helmet (worn)
 k - a +0 pair of gloves (worn)
Jewellery
 f - an uncursed ring of stealth
 h - a +2 ring of dexterity (left hand)
 j - a ring of see invisible (right hand)
 q - an uncursed ring of ice
 u - an uncursed ring of fire
Magical devices
 v - a wand of confusion (16)
 x - a wand of draining (6)
Scrolls
 i - 2 scrolls of remove curse
 m - 3 scrolls of recharging
 p - a scroll of fog
 r - 4 scrolls of fear
 s - 2 scrolls of enchant weapon
Potions
 n - a potion of poison
 z - a potion of ambrosia {unknown}
Comestibles
 e - 9 bread rations
 g - 5 chunks of flesh
 l - a meat ration
 o - 3 beef jerkies
 t - 2 royal jellies


   Skills:
 + Level 5.7 Fighting
 + Level 6.5 Axes
 - Level 1.7 Throwing
 + Level 3.2 Armour
 + Level 6.4 Dodging
 * Level 4.6 Spellcasting


You had 17 spell levels left.
You didn't know any spells.

Dungeon Overview and Level Annotations

Branches:
Dungeon (7/15)             Temple (1/1) D:6

Altars:
Ashenzari
Dithmenos
Elyvilon
Gozag
Makhleb
Okawaru
Qazlal
Ru
Trog
Vehumet
Xom
Yredelemnul
Zin
The Shining One


Innate Abilities, Weirdness & Mutations

You have hooves in place of feet.
You regenerate a little health from kills.
You are mostly covered in sharp spines.


Message History

The bolt of electricity hits you!
You completely miss the electric eel. Your kick misses the electric eel.
The electric eel shoots out a bolt of lightning at you!
The bolt of electricity hits you!
Your unstable footing causes you to fumble your attack.
The electric eel shoots out a bolt of lightning at you!
The bolt of electricity hits you!
* * * LOW HITPOINT WARNING * * *
Drink which item? (? for menu, Esc to quit)
You fade into invisibility!
The electric eel shoots out a bolt of lightning at you!
The bolt of electricity misses you.
You are very lightly contaminated with residual magic.
You closely miss the electric eel. You kick the electric eel.
The electric eel is lightly wounded.
You hit the plant but do no damage.
The electric eel shoots out a bolt of lightning at you!
The bolt of electricity misses you.
The bolt of electricity hits the plant.
The bolt of electricity hits the plant.
The bolt of electricity hits you!
You die...

..........###....##
.#...#...≈# #####.##
###.###≈≈≈# ##(#
≈#≈≈≈#≈≈.## ####≈≈##
≈.≈≈≈≈≈.## #≈≈#≈≈≈#
≈≈≈≈≈≈P.#≈≈≈ #≈≈#≈).#
P≈≈≈≈..##≈≈≈≈#≈≈#≈.P#
..P≈P..#≈≈≈≈≈≈≈;≈...#
....#.##.P.≈≈≈..@..P#
.#.P#.#≈..P.≈P...P.##
.#...##......P..P.##
#.P..# .P##.P...P##
##### # ########


You could see an electric eel.

Vanquished Creatures
  Pikel (D:6)
  A sky beast (D:3)
  An orc warrior (D:6)
  An ogre (D:5)
  5 centaurs
  3 giant frogs
  The ghost of asdu the Cudgeler, a weakling OgBe of Trog (D:3)
  2 scorpions
  3 electric eels (D:7)
  A jelly (D:6)
  2 centaur skeletons
  Ijyb (D:2)
  A crimson imp (D:6)
  5 orc wizards
  A hound (D:5)
  2 iguanas (D:6)
  5 orc priests
  3 worker ants
  3 hound skeletons
  6 gnolls
  9 adders
  An ooze (D:1)
  3 worms
  17 orcs
  2 ball pythons
  8 bats
  6 giant cockroaches
  7 hobgoblins
  9 jackals
  5 quokkas
  6 giant geckos
  A giant gecko skeleton (D:6)
  2 giant gecko zombies (D:5)
  5 giant newts
  12 goblins
  A jackal skeleton (D:7)
  7 kobolds
  39 rats
  A plant (D:7)
189 creatures vanquished.

Vanquished Creatures (others)
  2 slaves (D:6)
  A worker ant (D:6)
  A shadow imp (D:6)
  An adder skeleton (D:6)
  An orc (D:6)
  A jackal skeleton (D:6)
7 creatures vanquished.

Grand Total: 196 creatures vanquished

Notes
Turn   | Place    | Note
--------------------------------------------------------------
     0 | D:1      | matakusis the Demonspawn Gladiator began the quest for the Orb.
     0 | D:1      | Reached XP level 1. HP: 16/16 MP: 1/1
   113 | D:1      | Gained mutation: You regenerate a little health from kills. [demonic ancestry]
   113 | D:1      | Reached XP level 2. HP: 5/22 MP: 2/2
   123 | D:1      | Reached skill level 3 in Axes
   628 | D:2      | Gained mutation: You have large cloven feet. [demonic ancestry]
   628 | D:2      | Reached XP level 3. HP: 27/27 MP: 3/3
  1149 | D:2      | Reached skill level 1 in Armour
  1330 | D:2      | Reached XP level 4. HP: 31/34 MP: 4/4
  1396 | D:2      | Noticed Ijyb
  1411 | D:2      | Killed Ijyb
  1556 | D:2      | Reached skill level 1 in Spellcasting
  1949 | D:3      | Noticed asdu's ghost (weakling OgBe)
  1967 | D:3      | HP: 1/34 [asdu's ghost (6)]
  1969 | D:3      | Killed asdu's ghost
  1969 | D:3      | Gained mutation: You are partially covered in sharp spines. [demonic ancestry]
  1969 | D:3      | Reached XP level 5. HP: 1/40 MP: 5/7
  2181 | D:3      | Noticed a sky beast
  2200 | D:3      | Killed a sky beast
  2200 | D:3      | Reached skill level 4 in Axes
  2200 | D:3      | Gained mutation: You have hoof-like feet. [demonic ancestry]
  2200 | D:3      | Reached XP level 6. HP: 40/47 MP: 7/9
  2258 | D:3      | Found a radiant altar of Vehumet.
  2395 | D:3      | Found an opulent altar of Gozag.
  2546 | D:3      | Found an iron altar of Okawaru.
  2694 | D:3      | Found a bloodstained altar of Trog.
  2712 | D:3      | Found a glowing silver altar of Zin.
  3215 | D:4      | Gained mutation: You have hooves in place of feet. [demonic ancestry]
  3215 | D:4      | Reached XP level 7. HP: 52/52 MP: 10/10
  3423 | D:4      | Found a burning altar of Makhleb.
  3423 | D:4      | Noticed an Executioner
  3426 | D:4      | Noticed a smoke demon
  3426 | D:4      | Noticed a ynoxinul
  3487 | D:5      | Entered Level 5 of the Dungeon
  3951 | D:5      | Reached skill level 5 in Axes
  4219 | D:5      | Reached skill level 5 in Dodging
  4368 | D:5      | Gained mutation: You are mostly covered in sharp spines. [demonic ancestry]
  4368 | D:5      | Reached XP level 8. HP: 34/60 MP: 12/12
  4749 | D:6      | Found a staircase to the Ecumenical Temple.
  4806 | Temple   | Entered the Ecumenical Temple
  5162 | D:6      | Noticed Pikel
  5173 | D:6      | HP: 3/61 [poison (a potion of poison)]
  5173 | D:6      | Killed Pikel
  5173 | D:6      | Reached skill level 5 in Fighting
  5173 | D:6      | Reached skill level 6 in Axes
  5187 | D:6      | Reached XP level 9. HP: 13/68 MP: 15/15
  5561 | D:7      | Found a stormy altar of Qazlal.
  5571 | D:7      | Became a worshipper of Qazlal Stormbringer
  5581 | D:7      | Found a stormy altar of Qazlal.
  6131 | D:7      | Killed from afar by an electric eel

Vault maps used:
D:1:      dpeg_arrival_simpleton_c
D:2:      minmay_rats_cheesy_pizza, uniq_iyjb
D:3:      vehumet_crystals, okawaru_ov_weapons_minmay,
          overflow_temple_1_default, amethyst_overflow_temple_binary,
          first_bread, hangedman_abyss_or_decor_lesser_grid,
          nrook_mini_backslash
D:4:      makhleb_altar_promises_db
D:5:      eino_tiny_chamber
D:6:      minmay_temple_entry_junction, uniq_pikel
D:7:      wad_lake_hut, nicolae_qazlal_general_emergency, serial_corexii_hall,
          corexii_hall_statues_i, corexii_hall_statues_i, basic_altar,
          hangedman_decor_peaks_small
Temple:   temple_island_7

Action                   |  1- 3 |  4- 6 |  7- 9 || total
-------------------------+-------+-------+-------++-------
Melee: War axe           |    98 |   182 |   168 ||   448
  Use: Scroll            |     2 |     7 |     5 ||    14
       Potion            |       |     5 |     7 ||    12
 Stab: Distracted        |     1 |       |       ||     1
       Sleeping          |       |     1 |       ||     1
       Invisible         |       |       |     6 ||     6
  Eat: Chunk             |     1 |     7 |     9 ||    17
       Pizza             |       |       |     1 ||     1
